 Dungeon Crawl Stone Soup version 0.27-a0-170-g607d9e9d85 (webtiles) character file.

Game seed: 2075574355768096305

18 sanka the Sneak (level 2, 0/13 HPs)
             Began as a Spriggan Enchanter on Jan 28, 2021.
             Slain by a goblin
             ... wielding a +0 club
              (5 damage)
             ... on level 1 of the Dungeon.
             The game lasted 00:01:26 (654 turns).

sanka the Sneak (Spriggan Enchanter)                 Turns: 654, Time: 00:01:26

Health: 0/13       AC:  2    Str:  4    XL:     2   Next: 51%
Magic:  1/6        EV: 18    Int: 16    God:
Gold:   14         SH:  0    Dex: 16    Spells: 3/6 levels left

rFire    . . .     SeeInvis +   a - +1 dagger
rCold    . . .     Faith    .   (shield restricted)
rNeg     . . .     Spirit   .   b - +0 robe
rPois    .         Reflect  .   (helmet restricted)
rElec    .         Harm     .   (no cloak)
rCorr    .         Rampage  .   (gloves unavailable)
Will     .....                  (boots unavailable)
Stlth    +++.......             c - amulet of magic regeneration
HPRegen  0.04/turn              (no ring)
MPRegen  0.35/turn              (no ring)

@: very slightly contaminated, very quick
A: very small, unfitting armour, see invisible, speed 3
a: no special abilities


You were on level 1 of the Dungeon.
You visited 1 branch of the dungeon, and saw 1 of its levels.

You collected 14 gold pieces.


Innate Abilities, Weirdness & Mutations

You are very small and have problems with some larger weapons.
You are too small for most types of armour.
You have supernaturally acute eyesight. (SInv)
You cover ground extremely quickly.


   Skills:
 - Level 1.1 Short Blades
 - Level 3.0 Dodging
 + Level 6.0 Stealth
 - Level 2.6 Spellcasting
 - Level 3.6 Hexes


You had 3 spell levels left.
You knew the following spells:

 Your Spells              Type           Power        Failure   Level
z - Ensorcelled Hibernat  Hex/Ice        14%          14%         2
Z - Corona                Hex            14%          4%          1

Your spell library contained the following spells:

 Spells                   Type           Power        Failure   Level
 Confusing Touch          Hex            13%          13%         3
 Tukima's Dance           Hex            13%          13%         3
 Dazzling Flash           Conj/Hex       14%          28%         3

Inventory:

Hand Weapons
 a - a +1 dagger (weapon)
Armour
 b - a +0 robe (worn)
Jewellery
 c - an amulet of magic regeneration (around neck)
Scrolls
 d - a scroll of magic mapping {unknown}
 e - a scroll of noise {unknown}

Dungeon Overview and Level Annotations

Branches:
Dungeon (1/15)

Altars:

▒▒▒ ▒ ▒ ▒ ▒ ▒. .. ▒▒ ▒ ▒.▒▒▒▒
▒. ▒▒▒▒. ▒....▒▒ ▒.
......▒▒▒▒▒..▒▒▒▒▒▒ ▒▒▒▒▒.
▒.†....▒.gig..▒▒▒▒▒▒▒▒.....
▒...g.....▒▒▒▒▒..........▒.▒.
..g............g.....▒▒▒▒▒...▒▒
..▒..........▒▒▒▒▒▒....▒...▒▒▒▒
. ▒...........g.▒ ▒▒▒....▒▒▒...
............▒▒.▒ ▒..▒....▒...
▒.▒▒.........▒▒ ▒ ▒.▒▒▒▒▒.....
g. ▒.........▒▒.▒▒▒▒†▒▒ ▒▒▒...
........▒▒▒....†..▒ ▒...


You could see 2 goblins.


Message History

The goblin misses you.
You closely miss the goblin. The goblin misses you.
You hit the goblin but do no damage. The goblin hits you but does no damage.
Your magical contamination has completely faded away.
You barely miss the goblin. You hit the goblin but do no damage.
The goblin hits you with a +0 club.
* * * LOW HITPOINT WARNING * * *
You barely miss the goblin. The goblin misses you.
You closely miss the goblin. The goblin closely misses you.
You closely miss the goblin. The goblin hits you with a +0 club.
* * * LOW HITPOINT WARNING * * *
The goblin misses you.
Aiming: Ensorcelled Hibernation (safe; 14% risk of failure)
Aim: a goblin, wielding a +0 club (chance to affect: 56%)
The goblin resists with significant effort.
The goblin misses you. The goblin closely misses you.
Aiming: Ensorcelled Hibernation (safe; 14% risk of failure)
Aim: a goblin, wielding a +0 club (chance to affect: 56%)
You miscast Ensorcelled Hibernation.
You are very lightly contaminated with residual magic.
Nothing appears to happen.
The goblin hits you with a +0 club.
You die...

Action                   || total
-------------------------++-------
Melee: Dagger            ||    68
 Cast: Corona            ||     3
       Ensorcelled Hiber ||    10
 Stab: Sleeping          ||     9
Armor: Robe              ||     5
Dodge: Dodged            ||    57

Levels and vault maps discovered:
D:1:      sevenhm_arrival_forest_fort_small_2, layout_rooms,
          hangedman_decor_clover_reticule, minivault_24, minmay_misc_feat_tower

Notes
Turn   | Place    | Note
-------+----------+-------------------------------------------
     0 | D:1      | sanka the Spriggan Enchanter began the quest for the Orb.
     0 | D:1      | Reached XP level 1. HP: 9/9 MP: 5/5
     4 | D:1      | Noticed an elephant
    98 | D:1      | Reached skill level 5 in Stealth
   374 | D:1      | Reached XP level 2. HP: 10/13 MP: 6/6
   435 | D:1      | Learned a level 2 spell: Ensorcelled Hibernation
   437 | D:1      | Noticed an anaconda
   639 | D:1      | Reached skill level 6 in Stealth
   654 | D:1      | Slain by a goblin

Vanquished Creatures
  A dart slug (D:1)
  2 giant cockroaches (D:1)
  3 goblins (D:1)
  2 hobgoblins (D:1)
  2 kobolds (D:1)
  A bat (D:1)
  A frilled lizard (D:1)
  5 rats (D:1)
17 creatures vanquished.
